AoeStats
← Checkmate++

Northern Isles

510314220Analyzed
1v1 RM · 10h ago on Sep 30, 2026· 46m 27s· 2 players
Game mode
Random Map
Map size
Tiny (2 player)
Population
200
Speed
Normal
Resources
Standard
Victory
Conquest
Starting age
Dark Age
Ending age
Imperial Age
RankedLock teamsTeams togetherTeam positionsShared explorationLock speedFull tech treeHidden civsTurbo modeCheats
Victory
Defeat
🇿🇦 Saxons · South Africa
1329
+17
🇩🇪 Japanese · Germany
1358
-17
Checkmate++
7:36 Loom
10:15 Feudal Age
15:38 Castle Age
13:46 Double-Bit Axe
14:32 Scale Mail Armor
15:07 Gold Mining
16:18 Fletching
16:48 Bow Saw
16:59 Bodkin Arrow
20:27 Medium Warships
24:48 Chain Mail Armor
24:43 Forging
24:59 Ballistics
24:33 Horse Collar
35:41 Squires
38:40 Imperial Age
39:36 Bracer
40:04 Elite Longship
45:39 Heated Shot
46:13 Masonry
BasmatiRitter
10:18 Feudal Age
10:44 Double-Bit Axe
12:53 Town Watch
12:54 Loom
13:42 Fishing Lines
20:46 Castle Age
19:23 Fletching
19:32 Stone Mining
21:06 Wheelbarrow
21:33 Bodkin Arrow
22:14 Medium Warships
22:39 Gillnets
23:37 Bow Saw
23:57 Scale Mail Armor
24:08 Forging
25:35 Squires
28:05 Chain Mail Armor
29:51 Ballistics
29:42 Careening
30:48 Clinker Construction
44:19 Imperial Age
45:30 Bracer
45:57 Heavy Warships
46:30 Dry Dock
Connection lost

Rejoining the realm…

Still unreachable

The connection could not be restored.

Session expired

The server has moved on; the page needs a fresh start.